 Dungeon Crawl Stone Soup version 0.19.0-19-g8c6edcc (webtiles) character file.

70 Charly the Chopper (level 4, 0/23 HPs)
             Began as a Vine Stalker Berserker on Nov 15, 2016.
             Was a Believer of Trog.
             Slain by a gnoll
             ... wielding a +0 spear
              (3 damage)
             ... on level 2 of the Dungeon.
             The game lasted 00:01:43 (171 turns).

Charly the Chopper (Vine Stalker Berserker)          Turns: 171, Time: 00:01:44

Health: 0/23       AC:  2    Str: 20    XL:     4   Next: 21%
Magic:  0/5        EV: 12    Int:  7    God:    Trog [**....]
Gold:   16         SH:  0    Dex: 14    Spells: 0 memorised, 3 levels left

rFire  . . .     SeeInvis .     a - +0 hand axe
rCold  . . .     Gourm    .     b - +0 animal skin
rNeg   . . .     Faith    .     (no shield)
rPois  .         Spirit   +     (no helmet)
rElec  .         Reflect  .     (no cloak)
rCorr  .         Harm     .     (no gloves)
MR     +....                    (no boots)
Stlth  +.........               (no amulet)
                                (no ring)
                                e - ring of protection from magic

@: lethally poisoned (0 -> 0), exhausted, slowed, very slow
A: fangs 2, regeneration 1, magic shield, antimagic bite, no device heal 3, rot
immunity
a: Berserk, Trog's Hand, Burn Spellbooks, Renounce Religion


You were on level 2 of the Dungeon.
You worshipped Trog.
Trog was pleased with you.
You were not hungry.

You visited 1 branch of the dungeon, and saw 2 of its levels.

You collected 16 gold pieces.

Inventory:

Hand Weapons
 a - a +0 hand axe (weapon)
Armour
 b - a +0 animal skin (worn)
Jewellery
 e - a ring of protection from magic (left hand)
Scrolls
 f - a scroll of remove curse {unknown}
 g - a scroll of identify {unknown}
Potions
 d - a potion of curing {unknown}
Comestibles
 c - 2 bread rations


   Skills:
 - Level 2.6 Fighting
 + Level 4.4 Axes
 - Level 1.5 Armour
 - Level 1.5 Dodging


You had 3 spell levels left.
You didn't know any spells.

Dungeon Overview and Level Annotations

Branches:
Dungeon (2/15)

Altars:


Innate Abilities, Weirdness & Mutations

You have extremely sharp teeth.
Your natural rate of healing is unusually fast.
When hurt, damage is shared between your health and your magic reserves.
Your bite disrupts and absorbs the magic of your enemies.
Potions and wands cannot restore your health.
You are immune to rotting.


Message History

Unknown command.
You barely miss the gnoll. You bite the gnoll. You drain its power.
You feel invigorated.
The gnoll is moderately wounded.
You feel sick. The gnoll closely misses you. The gnoll barely misses you.
Unknown command.
Unknown command.
You hit the gnoll.
The gnoll is moderately wounded.
The gnoll barely misses you.
Unknown command.
You barely miss the gnoll.
The gnoll is moderately wounded.
The gnoll barely misses you. The gnoll closely misses you.
Unknown command.
Unknown command.
You hit the gnoll but do no damage.
The gnoll is moderately wounded.
You feel sick. The gnoll hits you with a spear!
You die...

. . .#### # ...
###.####.######
...(...........
#.....g...#
#.....@)<†#
#.!...)††.#
#......?..#
#.........+
#.........#
#.........#
###########


You could see a gnoll.

Vanquished Creatures
  3 gnolls (D:2)
  2 adders (D:2)
  A worm (D:2)
  A dart slug (D:1)
  A leopard gecko (D:2)
  A ball python (D:1)
  2 giant cockroaches
  2 goblins (D:1)
  A hobgoblin (D:1)
  A quokka (D:2)
  2 bats (D:1)
  2 frilled lizards (D:1)
  A kobold (D:1)
20 creatures vanquished.

Notes
Turn   | Place    | Note
-------+----------+-------------------------------------------
     0 | D:1      | Charly the Vine Stalker Berserker began the quest for the Orb.
     0 | D:1      | Reached XP level 1. HP: 11/11 MP: 2/2
    41 | D:1      | Reached skill level 3 in Axes
    56 | D:1      | Reached XP level 2. HP: 15/16 MP: 3/3
   158 | D:2      | Reached XP level 3. HP: 19/19 MP: 2/4
   159 | D:2      | Reached skill level 4 in Axes
   163 | D:2      | Gained mutation: Your natural rate of healing is unusually fast. [Vine Stalker growth]
   163 | D:2      | Reached XP level 4. HP: 15/23 MP: 2/5
   166 | D:2      | Reached ** piety under Trog
   168 | D:2      | HP: 1/23 [poisoned by an adder]
   171 | D:2      | Slain by a gnoll

Skill      XL: |  1  2  3 |
---------------+----------+-----
Axes           | 3 4 |  4.4
Fighting       | |  2.6
Armour         | |  1.5
Dodging        | |  1.5

Action                   |  1- 3 |  4- 6 || total
-------------------------+-------+-------++-------
Melee: Hand axe          |    22 |     7 ||    29
       Bite              |     5 |     1 ||     6
Invok: Berserk           |     2 |       ||     2
Armor: Animal skin       |     5 |       ||     5
Dodge: Dodged            |    19 |     7 ||    26
